 Dungeon Crawl Stone Soup version 0.30-a0-170-g85af917532 (webtiles) character file.

Game seed: 14465034114232885360

2632 qw the Cleaver (level 9, -1/56 HPs)
             Began as a Gargoyle Fighter on Sept 30, 2022.
             Slain by a two-headed ogre
             ... wielding a +0 giant club
              (13 damage)
             ... on level 8 of the Dungeon.
             The game lasted 00:02:39 (8074 turns).

qw the Cleaver (Gargoyle Fighter)                   Turns: 8074, Time: 00:02:39

Health: -1/56      AC: 19    Str: 24    XL:     9   Next: 61%
Magic:  9/9        EV:  7    Int:  9    God:
Gold:   270        SH:  9    Dex:  9    Spells: 8/8 levels left

rFire   . . .      SeeInvis +    Y - +1 war axe
rCold   . . .      Faith    .    h - +0 kite shield
rNeg    + . .      Spirit   .    k - +1 chain mail {Will+}
rPois   inf        Reflect  .    (no helmet)
rElec   +          Harm     .    (no cloak)
rCorr   .          Rampage  .    (no gloves)
Will    +....                    l - +1 pair of boots
Stlth   ..........               (no amulet)
HPRegen 0.18/turn                o - ring of see invisible
MPRegen 0.11/turn                (no ring)

@: no status effects
A: sickness immunity, AC +6, negative energy resistance 1, electricity
resistance, torment resistance 1, petrification resistance
a: no special abilities


You were on level 8 of the Dungeon.
You visited 2 branches of the dungeon, and saw 9 of its levels.

You collected 270 gold pieces.


Innate Abilities, Weirdness & Mutations

You are immune to sickness and miasma.
Your stone body is resilient. (AC +6)
You are immune to poison.
You resist negative energy. (rN+)
You are resistant to electric shocks. (rElec)
You are resistant to unholy torment.
You are immune to petrification.


   Skills:
 - Level 6.3 Fighting
 + Level 8.3 Axes
 - Level 1.3 Throwing
 - Level 4.3 Armour
 - Level 1.7 Dodging
 - Level 8.1 Shields


You had 8 spell levels left.
You didn't know any spells.
Your spell library was empty.

Inventory:

Hand Weapons
 p - a +0 flail
 Y - a +1 war axe (weapon)
Missiles
 a - 6 boomerangs (quivered)
Armour
 h - a +0 kite shield (worn)
 k - a +1 chain mail of willpower (worn)
 l - a +1 pair of boots (worn)
Jewellery
 e - a ring of positive energy
 o - a ring of see invisible (left hand)
Scrolls
 c - a scroll of identify
Potions
 b - a potion of flight {unknown}
 d - 2 potions of might
 f - 3 potions of mutation
 j - a potion of resistance {unknown}
 m - 2 potions of attraction
 n - a potion of lignification
 q - a potion of berserk rage {unknown}

Dungeon Overview and Level Annotations

Branches:
Dungeon (8/15)             Temple (1/1) D:6
   Lair: D:8-11

Altars:
Ashenzari
Cheibriados
Dithmenos
Elyvilon
Fedhas
Gozag
Hepliaklqana
Kikubaaqudgha
Makhleb
Nemelex Xobeh
Qazlal
Trog
Uskayaw
Vehumet
Wu Jian
Xom
Yredelemnul
Zin
The Shining One

Annotations:
D:3 1 runed translucent door, qw's ghost, amateur GrFi


Message History

You completely miss the wight.
The wight is severely damaged.
You hit the wight. You barely miss the two-headed ogre.
You hit the kobold brigand but do no damage.
You block the two-headed ogre's attack.
The two-headed ogre hits you with a +0 giant club.
The wight barely misses you.
The kobold brigand hits you but does no damage.
The wight barely misses you.
You barely miss the wight.
The wight is severely damaged.
You hit the wight. You hit the two-headed ogre. You slash the kobold brigand!
You kill the kobold brigand!
The wight barely misses you. The wight hits you with a +0 hand axe.
The two-headed ogre barely misses you. You block the two-headed ogre's attack.
You block the wight's attack. x3
Your Armour skill increases to level 4!
You hit the wight.
The wight is severely damaged.
You hit the wight. You slash the wight!
You destroy the wight!
You barely miss the two-headed ogre.
The wight hits you with a +4 long sword!
The two-headed ogre hits you with a +0 giant club.
You block the two-headed ogre's attack. You block the wight's attack.
You slash the wight!
You destroy the wight!
You closely miss the two-headed ogre. You hit the wight but do no damage.
The wight barely misses you.
You barely miss the wight.
The wight is severely damaged.
You barely miss the two-headed ogre. You block the two-headed ogre's attack.
The two-headed ogre hits you but does no damage.
The wight hits you but does no damage.
You slash the wight!
You destroy the wight!
You hit the two-headed ogre.
The two-headed ogre hits you with a +0 giant club!
You die...

###..#
##.....##
#.......#
........##
.........#
.........##
.......).!#
......)@).#
......)O)..#
...........#
...........#
............#
......>.....#
............#
........!...#


You could see a two-headed ogre.

Vanquished Creatures
  A water moccasin (D:7)
  An orc warrior (D:7)
  3 ice beasts (D:7)
  3 ogres (D:5)
  A centaur (D:5)
  2 phantoms
  A kobold brigand (D:8)
  2 bullfrogs (D:7)
  6 scorpions
  A necrophage (D:7)
  7 wights (D:8)
  A howler monkey (D:3)
  4 hounds
  3 jellies
  2 orc priests (D:6)
  2 iguanas
  8 orc wizards
  7 adders
  2 ufetubi
  2 worms
  7 dart slugs
  13 orcs
  14 endoplasms
  7 giant cockroaches
  4 goblins
  8 hobgoblins
  6 jackals
  3 quokkas
  6 ball pythons
  4 bats
  2 frilled lizards
  A goblin zombie (D:5)
  13 kobolds
  A quokka zombie (D:5)
  7 rats
155 creatures vanquished.

Vanquished Creatures (others)
  2 withered plants (D:3)
2 creatures vanquished.

Grand Total: 157 creatures vanquished

Notes
Turn   | Place    | Note
-------+----------+-------------------------------------------
     0 | D:1      | qw the Gargoyle Fighter began the quest for the Orb.
     0 | D:1      | Reached XP level 1. HP: 14/14 MP: 1/1
     0 | D:1      | 0 ||| qw: Version: 0.2-a-12-gaebbb33
     0 | D:1      | 0 ||| qw: Game counter: 1630
     0 | D:1      | 0 ||| qw: Always use a shield: true
     0 | D:1      | 0 ||| qw: God list: Okawaru
     0 | D:1      | 0 ||| qw: Allow faded altars: false
     0 | D:1      | 0 ||| qw: Do Orc after D:15 true
     0 | D:1      | 0 ||| qw: Do second Lair branch before Depths: true
     0 | D:1      | 0 ||| qw: Lair rune preference: random
     0 | D:1      | 0 ||| qw: Plans: Normal, Zot:1-4, God:TSO, Crypt, Tomb,
                  | Pan, Slime:5, Hells, Abyss, Orb
     0 | D:1      | 0 ||| PLANNING D:1-11
     3 | D:1      | 3 ||| Stepping randomly (stuck).
     4 | D:1      | 4 ||| Stepping randomly (stuck).
     5 | D:1      | 5 ||| Stepping randomly (stuck).
     6 | D:1      | 6 ||| Stepping randomly (stuck).
     7 | D:1      | 7 ||| Stepping randomly (stuck).
   126 | D:1      | Reached XP level 2. HP: 11/19 MP: 2/2
   598 | D:1      | Found a faded altar of an unknown god.
   613 | D:1      | Reached skill level 3 in Axes
   617 | D:1      | Reached XP level 3. HP: 7/23 MP: 3/3
  1239 | D:1      | 1239 ||| UPGRADING to +0 chain mail.
  1249 | D:1      | 1249 ||| DROPPING +0 scale mail.
  1250 | D:1      | 1250 ||| UPGRADING to +0 kite shield.
  1260 | D:1      | 1260 ||| DROPPING +0 buckler.
  1261 | D:1      | 1261 ||| READING scroll labelled HUUNOB DAIWOCS.
  1262 | D:1      | 1262 ||| READING scroll labelled BEARGHI FUWYMNE.
  1263 | D:1      | 1263 ||| READING scroll labelled PEDETO YGET.
  1403 | D:2      | 1403 ||| Stepping ~*~*~tactically~*~*~ (stealth).
  1554 | D:2      | Reached XP level 4. HP: 20/28 MP: 4/4
  1722 | D:2      | 1722 ||| FLEEEEING.
  1723 | D:2      | 1723 ||| FLEEEEING.
  1725 | D:2      | 1725 ||| FLEEEEING.
  1726 | D:2      | 1726 ||| FLEEEEING.
  1727 | D:2      | 1727 ||| STAIRDANCE
  1773 | D:1      | 1773 ||| READING scroll labelled EPRULOGOYGH.
  1774 | D:1      | 1774 ||| READING scroll labelled VULITOPOQOC.
  1775 | D:1      | 1775 ||| READING 2 scrolls of identify.
  1775 | D:1      | 1775 ||| IDENTIFYING fuming coppery potion
  1800 | D:2      | 1800 ||| Stepping ~*~*~tactically~*~*~ (stealth).
  1802 | D:2      | 1802 ||| Stepping ~*~*~tactically~*~*~ (stealth).
  2210 | D:2      | 2210 ||| UPGRADING to +0 pair of boots.
  2215 | D:2      | 2215 ||| READING 2 scrolls labelled MAHOTE XIAT.
  2216 | D:2      | 2216 ||| READING scroll of enchant armour.
  2216 | D:2      | 2216 ||| ENCHANTING +0 pair of boots.
  2217 | D:2      | 2217 ||| READING scroll labelled RUFUPU RUUCI.
  2363 | D:3      | Found a burning altar of Makhleb.
  2456 | D:3      | Reached XP level 5. HP: 19/32 MP: 5/5
  2934 | D:3      | 2934 ||| FLEEEEING.
  3234 | D:3      | Found a runed translucent door.
  3237 | D:3      | Noticed qw's ghost (amateur GrFi)
  3352 | D:3      | 3352 ||| DROPPING amulet of faith.
  3353 | D:3      | 3353 ||| UPGRADING to ring of see invisible.
  3354 | D:3      | 3354 ||| READING 2 scrolls labelled WOUJEBB XA LEI.
  3412 | D:3      | 3412 ||| DRINKING 3 glowing blue potions.
  3413 | D:3      | 3413 ||| READING 2 scrolls of identify.
  3413 | D:3      | 3413 ||| IDENTIFYING smoky orange potion
  3414 | D:3      | 3414 ||| DROPPING potion of brilliance.
  3415 | D:3      | 3415 ||| DROPPING scroll of torment.
  3455 | D:4      | Reached XP level 6. HP: 32/37 MP: 6/6
  3548 | D:4      | 3548 ||| Stepping ~*~*~tactically~*~*~ (hiding).
  3731 | D:4      | 3731 ||| Stepping ~*~*~tactically~*~*~ (hiding).
  3744 | D:4      | 3744 ||| FLEEEEING.
  3769 | D:4      | 3769 ||| FLEEEEING.
  3770 | D:4      | 3770 ||| FLEEEEING.
  3771 | D:4      | 3771 ||| FLEEEEING.
  3772 | D:4      | 3772 ||| FLEEEEING.
  3773 | D:4      | 3773 ||| FLEEEEING.
  3774 | D:4      | 3774 ||| FLEEEEING.
  3775 | D:4      | 3775 ||| FLEEEEING.
  3776 | D:4      | 3776 ||| FLEEEEING.
  3777 | D:4      | 3777 ||| FLEEEEING.
  3780 | D:4      | 3780 ||| FLEEEEING.
  3782 | D:4      | 3782 ||| FLEEEEING.
  3783 | D:4      | 3783 ||| FLEEEEING.
  3785 | D:4      | 3785 ||| FLEEEEING.
  3786 | D:4      | 3786 ||| FLEEEEING.
  3787 | D:4      | 3787 ||| FLEEEEING.
  3788 | D:4      | 3788 ||| FLEEEEING.
  3994 | D:4      | 3994 ||| Stepping ~*~*~tactically~*~*~ (stealth).
  4150 | D:4      | 4150 ||| Stepping ~*~*~tactically~*~*~ (hiding).
  4151 | D:4      | 4151 ||| Stepping ~*~*~tactically~*~*~ (hiding).
  4171 | D:4      | HP: 6/38 [gnoll/+3 spear (9)]
  4172 | D:4      | Reached XP level 7. HP: 7/43 MP: 7/7
  4172 | D:4      | 4172 ||| READING 2 scrolls of teleportation.
  4173 | D:4      | 4173 ||| DRINKING 2 potions of heal wounds.
  4237 | D:4      | 4237 ||| Stepping ~*~*~tactically~*~*~ (stealth).
  4613 | D:4      | Reached skill level 6 in Axes
  4655 | D:4      | 4655 ||| READING scroll labelled SOYBLI ODUMIJAO.
  4656 | D:4      | 4656 ||| READING scroll labelled LIXTUN IMUB.
  4757 | D:4      | 4757 ||| READING scroll labelled FIWNUGR CADUESSETT.
  4758 | D:4      | 4758 ||| READING 3 scrolls of identify.
  4758 | D:4      | 4758 ||| IDENTIFYING metallic golden potion
  4759 | D:4      | 4759 ||| READING 2 scrolls of identify.
  4759 | D:4      | 4759 ||| IDENTIFYING clear potion
  4760 | D:4      | 4760 ||| DROPPING potion of invisibility.
  4815 | D:5      | Entered Level 5 of the Dungeon
  4816 | D:5      | 4816 ||| PLANNING OSSUARY
  4951 | D:5      | Reached skill level 6 in Shields
  5103 | D:5      | 5103 ||| Stepping ~*~*~tactically~*~*~ (stealth).
  5126 | D:5      | Reached skill level 1 in Dodging
  5126 | D:5      | Reached XP level 8. HP: 34/48 MP: 8/8
  5431 | D:5      | 5431 ||| DROPPING +0 whip.
  5488 | D:5      | 5488 ||| RIP OSSUARY
  5495 | D:5      | 5495 ||| PLANNING D:1-11
  5776 | D:5      | 5776 ||| READING scroll labelled JAOREA QEESA.
  5777 | D:5      | 5777 ||| READING scroll labelled WUOQIP YROREIS.
  5778 | D:5      | 5778 ||| READING scroll labelled FUAPTONENN.
  5854 | D:6      | 5854 ||| Stepping ~*~*~tactically~*~*~ (stealth).
  5984 | D:6      | Found a broken altar of Ashenzari.
  6023 | D:6      | 6023 ||| Stepping ~*~*~tactically~*~*~ (hiding).
  6206 | D:6      | You fall into a shaft and drop 1 floor!
  6225 | D:7      | 6225 ||| Stepping ~*~*~tactically~*~*~ (hiding).
  6226 | D:7      | 6226 ||| Stepping ~*~*~tactically~*~*~ (hiding).
  6253 | D:7      | 6253 ||| Stepping ~*~*~tactically~*~*~ (hiding).
  6254 | D:7      | 6254 ||| Stepping ~*~*~tactically~*~*~ (hiding).
  6254 | D:7      | Found a basalt altar of Yredelemnul.
  6264 | D:7      | HP: 11/49 [ice beast (9)]
  6265 | D:7      | 6265 ||| READING 3 scrolls of teleportation.
  6265 | D:7      | HP: 4/49 [bullfrog (7)]
  6266 | D:7      | 6266 ||| DRINKING 5 potions of heal wounds.
  6268 | D:7      | 6268 ||| DRINKING 4 potions of heal wounds.
  6294 | D:7      | 6294 ||| Stepping ~*~*~tactically~*~*~ (stealth).
  6305 | D:7      | 6305 ||| Stepping ~*~*~tactically~*~*~ (stealth).
  6376 | D:7      | 6376 ||| Stepping ~*~*~tactically~*~*~ (stealth).
  6391 | D:7      | 6391 ||| Stepping ~*~*~tactically~*~*~ (stealth).
  6392 | D:7      | 6392 ||| Stepping ~*~*~tactically~*~*~ (stealth).
  6393 | D:7      | 6393 ||| Stepping ~*~*~tactically~*~*~ (stealth).
  6394 | D:7      | 6394 ||| Stepping ~*~*~tactically~*~*~ (stealth).
  6397 | D:7      | 6397 ||| Stepping ~*~*~tactically~*~*~ (stealth).
  6408 | D:7      | Reached skill level 1 in Throwing
  6738 | D:6      | Found a snail-covered altar of Cheibriados.
  6941 | D:6      | Found a staircase to the Ecumenical Temple.
  6942 | D:6      | 6942 ||| PLANNING TEMPLE
  7011 | D:6      | 7011 ||| DROPPING +3 ring mail.
  7016 | Temple   | Entered the Ecumenical Temple
  7029 | Temple   | 7029 ||| PLANNING D:1-11
  7195 | D:7      | Reached XP level 9. HP: 50/54 MP: 9/9
  7445 | D:7      | Reached skill level 6 in Fighting
  7744 | D:7      | HP: 9/56 [ice beast (9)]
  7745 | D:7      | 7745 ||| READING 2 scrolls of teleportation.
  7746 | D:7      | 7746 ||| DRINKING 3 potions of heal wounds.
  7959 | D:7      | 7959 ||| UPGRADING to +1 chain mail of willpower.
  7969 | D:7      | 7969 ||| DROPPING +0 chain mail.
  7970 | D:7      | 7970 ||| DRINKING 2 lumpy dark potions.
  8056 | D:8      | HP: 14/56 [wight/+0 halberd (8)]
  8057 | D:8      | 8057 ||| READING scroll of teleportation.
  8058 | D:8      | 8058 ||| DRINKING 2 potions of heal wounds.
  8060 | D:8      | Noticed a two-headed ogre
  8066 | D:8      | HP: 12/56 [wight/+0 morningstar (8)]
  8067 | D:8      | 8067 ||| DRINKING potion of heal wounds.
  8071 | D:8      | HP: 12/56 [two-headed ogre/+0 giant club (5)]
  8074 | D:8      | Slain by a two-headed ogre

Levels and vault maps discovered:
D:1:      minmay_arrival_semitransparent, layout_basic,
          hellmonk_ecumenical_altar_heavens_door
D:2:      layout_basic
D:3:      layout_loops_ring, mainiacjoe_overflow_small_starburst,
          gammafunk_ghost_grave, grunt_ministairs_1, minmay_divided_ellipse
D:4:      layout_basic, minmay_strange_pillars
D:5:      layout_loops_cross, enter_ossuary_4
D:6:      layout_basic, kennysheep_slug_shrine, grunt_ashenzari_visionary
          [grunt_ashenzari_visionary_swamp, grunt_ashenzari_visionary_snake],
          minmay_temple_entry_proselytizer, nicolae_elevator_lobby_plus
D:7:      layout_rooms, mainiacjoe_overflow_tiny_flanked
D:8:      layout_cave_pods
Temple:   hellmonk_temple_two_chambers

Skill      XL: |  1  2  3  4  5  6  7  8  9 |
---------------+----------------------------+-----
Axes           | 2 3 4 5 6 7 8 |  8.3
Shields        | 4 5 6 7 8 |  8.1
Fighting       | 4 5 6 |  6.3
Dodging        | 1 |  1.7
Throwing       | 1 |  1.3
Armour         | 4 |  4.3

Action                   |  1- 3 |  4- 6 |  7- 9 || total
-------------------------+-------+-------+-------++-------
Melee: War axe           |   110 |   170 |   272 ||   552
Throw: Boomerang         |       |    17 |    36 ||    53
  Use: Scroll            |     3 |     8 |    12 ||    23
       Potion            |       |     1 |     7 ||     8
Armor: Scale mail        |    46 |       |       ||    46
       Chain mail        |    21 |   118 |   211 ||   350
Dodge: Dodged            |    61 |    46 |   105 ||   212
Block: Buckler           |    14 |       |       ||    14
       Kite shield       |     7 |    72 |   167 ||   246

Table legend:
 A = Non-vault XP
 B = Vault XP
 C = Vault XP percentage of total XP
 D = Non-vault monster count
 E = Vault monster count
 F = Vault count percentage of total count
                 A         B        C        D         E       F
            +---------+---------+-------+---------+---------+-------
      Total |    3617 |     214 |   5.6 |     134 |      21 |  13.5
            +---------+---------+-------+---------+---------+-------
        D:1 |      56 |       0 |   0.0 |      32 |       0 |   0.0
        D:2 |      62 |       0 |   0.0 |      19 |       0 |   0.0
        D:3 |      20 |     165 |  89.2 |      12 |      17 |  58.6
        D:4 |     613 |       0 |   0.0 |      20 |       0 |   0.0
        D:5 |     570 |       2 |   0.3 |       8 |       2 |  20.0
        D:6 |     344 |      47 |  12.0 |       8 |       2 |  20.0
        D:7 |    1294 |       0 |   0.0 |      18 |       0 |   0.0
        D:8 |     658 |       0 |   0.0 |      17 |       0 |   0.0
            +---------+---------+-------+---------+---------+-------
